 Dungeon Crawl Stone Soup version 0.29.1-14-g9c671dbff4 (webtiles) character file.

Game seed: 13811083170184367266

168 promet the Magician (level 5, 0/28 HPs)
             Began as a Deep Elf Hedge Wizard on Feb 17, 2023.
             Slain by an orc wizard
             ... wielding a +0 dagger
              (4 damage)
             ... on level 3 of the Dungeon.
             The game lasted 00:17:23 (4889 turns).

promet the Magician (Deep Elf Hedge Wizard)         Turns: 4889, Time: 00:17:24

Health: 0/28       AC:  3    Str:  7    XL:     5   Next: 23%
Magic:  14/15      EV: 12    Int: 21    God:
Gold:   179        SH:  0    Dex: 14    Spells: 9/16 levels left

rFire   . . .      SeeInvis .   a - +0 great sword
rCold   . . .      Faith    .   (shield currently unavailable)
rNeg    . . .      Spirit   .   q - +0 leather armour
rPois   .          Reflect  .   c - +0 hat
rElec   .          Harm     .   (no cloak)
rCorr   .          Rampage  .   (no gloves)
Will    .....                   (no boots)
Stlth   +.........              (no amulet)
HPRegen 0.09/turn               (no ring)
MPRegen 0.14/turn               (no ring)

@: confused
A: no striking features
a: no special abilities


You were on level 3 of the Dungeon.
You visited 1 branch of the dungeon, and saw 3 of its levels.

You collected 179 gold pieces.

Inventory:

Hand Weapons
 a - a +0 great sword (weapon)
 e - a +0 spear
 g - a +0 dagger
 j - a +1 short sword of freezing
 s - a +1 flail of holy wrath
Missiles
 n - 14 stones
Armour
 b - a +0 robe
 c - a +0 hat (worn)
 q - a +0 leather armour (worn)
Jewellery
 m - a ring of protection from fire
 r - a ring of fire
Wands
 k - a wand of iceblast (11)
Potions
 d - 2 potions of magic
 f - 3 potions of ambrosia {unknown}
 h - 3 potions of curing {unknown}
 i - a potion of heal wounds {unknown}
 l - a potion of haste {unknown}
 o - a potion of might {unknown}
 p - a potion of degeneration {unknown}


   Skills:
 + Level 0.3 Long Blades
 + Level 0.1 Armour
 + Level 3.1 Dodging
 + Level 2.7 Stealth
 + Level 6.1 Spellcasting
 + Level 1.8 Conjurations
 + Level 1.1 Hexes
 + Level 2.3 Summonings
 + Level 1.7 Necromancy
 + Level 1.1 Translocations


You had 9 spell levels left.
You knew the following spells:

 Your Spells              Type           Power      Damage    Failure   Level
a - Magic Dart            Conj           56%        1d5       6%          1
b - Call Imp              Summ           16%        N/A       9%          2
c - Blink                 Tloc           22%        N/A       14%         2
d - Slow                  Hex            44%        N/A       9%          1
e - Necrotise             Necr           52%        1d6       7%          1

Your spell library contained the following spells:

 Spells                   Type           Power      Damage    Failure   Level
 Summon Small Mammal      Summ           64%        N/A       5%          1
 Apportation              Tloc           22%        N/A       9%          1
 Dazzling Flash           Conj/Hex       24%        N/A       22%         3
 Conjure Flame            Conj/Fire      10%        6-21      28%         3
 Mephitic Cloud           Conj/Pois/Air  9%         N/A       32%         3
 Iskenderun's Mystic Bla  Conj/Tloc      12%        2d5       58%         4
 Starburst                Conj/Fire      5%         6d4       100%        6


Dungeon Overview and Level Annotations

Branches:
Dungeon (3/15)

Altars:


Message History

Are you sure you want to stumble around while confused and next to your shadow imp?
You miss something.
You feel less confused. Something hits you.
Casting: Call Imp (safe; 9% risk of failure)
Confirm with . or Enter, or press ? or * to list all spells.
A beastly little devil appears in a puff of flame.
Your shadow imp disappears in a puff of smoke!
Something hits you but does no damage.
You hear some strange, mumbled words.
Something tries to affect you, but you resist.
Something hits you but does no damage. Something hits you but does no damage.
You closely miss something. Something hits you.
Something hits you but does no damage.
You hit something.
You hear some strange, mumbled words.
Something tries to affect you, but you resist.
Something hits you but does no damage.
You barely miss something.
You hear some strange, mumbled words.
A magic dart appears from out of thin air!
The magic dart hits you. Something hits you but does no damage.
You barely miss something. Something hits you.
You closely miss something. Something hits you.
You hear some strange, mumbled words.
You are confused.
You're too confused to cast spells.
Sorry, you're not good enough to have a special ability.
You're too confused to cast spells.
Sorry, you're not good enough to have a special ability.
You are too confused!
Are you sure you want to stumble around while confused and next to your crimson imp?
You closely miss something. Something hits you.
* * * LOW HITPOINT WARNING * * *
Something hits you.
* * * LOW HITPOINT WARNING * * *
Are you sure you want to stumble around while confused and next to your crimson imp?
You closely miss something. Something hits you.
You die...

###..#...# #.# ###.#### ##.#####
#.# #.# #.# ##'## ###.#### #.#
##...## #....... #ยง## ##.....##
#.....## #.o## ##.......##
#.......
#.####...####........>####.......
............'.........+........#.
#.####...####...@5....####.......
# #..## ##..{....## #...###. .
#.## ##.....## #...# #. # #.#
##...## #...###. #.# ##'##
#..o.... #. #.# ###.#### ## #.#
#.# ##.###.## #.#
##...#...#########.#


You could see a friendly crimson imp (summoned).

Vanquished Creatures
  An orc priest (D:3)
  2 adders (D:2)
  A dart slug (D:1)
  A worm (D:2)
  3 orcs (D:3)
  5 endoplasms
  A giant cockroach (D:2)
  6 goblins
  2 hobgoblins (D:2)
  A jackal (D:3)
  5 quokkas
  4 ball pythons
  4 bats
  3 frilled lizards
  2 kobolds (D:1)
  3 rats
44 creatures vanquished.

Vanquished Creatures (collateral kills)
  An orc priest (D:3)
  An iguana (D:2)
  A worm (D:2)
  2 hobgoblins (D:1)
  A jackal (D:3)
  A kobold (D:1)
  A quokka (D:2)
  A frilled lizard (D:1)
  2 rats (D:1)
11 creatures vanquished.

Grand Total: 55 creatures vanquished

Notes
Turn   | Place    | Note
-------+----------+-------------------------------------------
     0 | D:1      | promet the Deep Elf Hedge Wizard began the quest for the
                  | Orb.
     0 | D:1      | Reached XP level 1. HP: 10/10 MP: 7/7
   438 | D:1      | Reached XP level 2. HP: 15/15 MP: 4/9
   441 | D:1      | Learned a level 2 spell: Call Imp
   444 | D:1      | Learned a level 2 spell: Blink
   446 | D:1      | Learned a level 1 spell: Slow
   852 | D:1      | Reached skill level 5 in Spellcasting
  1615 | D:1      | Learned a level 1 spell: Necrotise
  1782 | D:2      | Reached skill level 1 in Hexes
  1782 | D:2      | Reached XP level 3. HP: 19/19 MP: 8/11
  2533 | D:2      | Reached XP level 4. HP: 24/24 MP: 9/13
  2785 | D:2      | Reached skill level 1 in Necromancy
  4076 | D:3      | Reached skill level 6 in Spellcasting
  4337 | D:3      | Reached XP level 5. HP: 28/28 MP: 8/15
  4889 | D:3      | Slain by an orc wizard

Illustrated notes

Levels and vault maps discovered:
D:1:      minmay_arrival_open_corners, layout_loops_ring, st_stairs_12
D:2:      layout_basic, kennysheep_generic_room_11
D:3:      layout_loops_corners

Skill      XL: |  1  2  3  4 |
---------------+-------------+-----
Spellcasting   | 5 6 |  6.1
Hexes          | 1 |  1.1
Dodging        | 3 |  3.1
Necromancy     | 1 |  1.7
Summonings     | 2 |  2.3
Long Blades    | |  0.3
Armour         | |  0.1
Stealth        | |  2.7
Conjurations   | |  1.8
Translocations | |  1.1

Action                   |  1- 3 |  4- 6 || total
-------------------------+-------+-------++-------
Melee: Dagger            |    13 |       ||    13
       Short sword       |     8 |       ||     8
       Great sword       |    16 |    15 ||    31
       Spear             |       |     1 ||     1
 Cast: Magic Dart        |    79 |    30 ||   109
       Call Imp          |    14 |    10 ||    24
       Slow              |     6 |     4 ||    10
       Necrotise         |     4 |     3 ||     7
       Blink             |     1 |       ||     1
  Use: Scroll            |     1 |     5 ||     6
Armor: Robe              |    11 |       ||    11
       Leather armour    |       |     6 ||     6
Dodge: Dodged            |    47 |    18 ||    65
